 Dungeon Crawl Stone Soup version 0.17.0 (webtiles) character file.

112 CcS the Poker (level 5, 0/39 HPs)
             Began as a Human Skald on Nov 7, 2015.
             Slain by an ogre
             ... wielding a +0 giant club
              (11 damage)
             ... on level 3 of the Dungeon.
             The game lasted 00:04:10 (3563 turns).

CcS the Poker (Human Skald)                         Turns: 3563, Time: 00:04:10

Health: 0/39       AC:  5    Str: 13    XL:     5   Next: 16%
Magic:  9/9        EV:  5    Int: 12    God:
Gold:   142        SH:  0    Dex: 13    Spells: 3 memorised, 4 levels left

rFire  . . .     SeeInvis .     a - +0 spear
rCold  . . .     Clarity  .     i - +0 ring mail
rNeg   . . .     SustAt   .     (no shield)
rPois  .         Gourm    .     (no helmet)
rElec  .         Spirit   .     (no cloak)
rCorr  .         Warding  .     (no gloves)
rMut   .         Stasis   .     (no boots)
MR     .....                    (no amulet)
Stlth  +.........               (no ring)
                                (no ring)

@: not resistant to hostile enchantments, very unstealthy
A: no striking features
a: no special abilities


You were on level 3 of the Dungeon.
You were not hungry.

You visited 1 branch of the dungeon, and saw 4 of its levels.

You collected 142 gold pieces.

Inventory:

Hand Weapons
 a - a +0 spear (weapon)
 b - a +0 blowgun
   (You took it off a kobold on level 3 of the Dungeon)
Missiles
 m - 6 poisoned needles
Armour
 i - a +0 ring mail (worn)
   (You found it on level 1 of the Dungeon)
 x - a +0 leather armour
 y - a +0 pair of gloves
   (You found it on level 3 of the Dungeon)
Jewellery
 e - an uncursed ring of protection from magic {unknown}
   (You found it on level 1 of the Dungeon)
 h - a cursed +4 ring of protection {unknown}
   (You found it on level 1 of the Dungeon)
Wands
 w - a wand of fire (7)
   (You found it on level 3 of the Dungeon)
Scrolls
 k - 6 scrolls of identify {unknown}
 n - a scroll of fear {unknown}
 o - a scroll of blinking {unknown}
 p - 2 scrolls of enchant weapon {unknown}
 s - a scroll of teleportation {unknown}
 u - 2 scrolls of amnesia {unknown}
 v - a scroll of remove curse {unknown}
Potions
 f - a potion of lignification {!q}
 g - a potion of heal wounds {unknown}
 j - 2 potions of might {unknown}
 l - 3 potions of curing {unknown}
 q - a potion of haste {unknown}
 t - a potion of beneficial mutation {unknown}
Books
 c - a book of Battle
Comestibles
 d - 5 bread rations {@e1}
 r - a royal jelly
 z - a chunk of flesh {@w0}


   Skills:
 - Level 2.7 Fighting
 + Level 3.6 Polearms
 - Level 1.0 Armour
 - Level 1.0 Dodging
 - Level 3.0 Spellcasting
 + Level 0.6 Hexes
 - Level 3.0 Charms


You had 4 spell levels left.
You knew the following spells:

 Your Spells              Type           Power        Failure   Level  Hunger
a - Infusion              Chrm           #.....       17%         1    #......
b - Spectral Weapon       Hex/Chrm       #.......     77%         3    ###....
c - Shroud of Golubria    Chrm/Tloc      #.........   47%         2    ###....


Dungeon Overview and Level Annotations

Branches:
Dungeon (4/15)
 Temple: D:4-7

Altars:
Gozag
Okawaru
Zin
The Shining One


Message History

No target in view!
You swing at nothing.
There isn't anything here!
Things that are here:
a flail; 3 tomahawks There isn't anything here!
You start resting.
Health restored: 39 Unknown command.
Things that are here:
a flail; 3 tomahawks There isn't anything to butcher here.
There isn't anything to butcher here.
A quokka comes into view.
A quokka is nearby!
A quokka is nearby!
A quokka is nearby!
A quokka is nearby!
You closely miss the quokka. The quokka closely misses you.
Your ring mail prevents you from hitting the quokka.
The quokka bites you.
You take 1 damage, and have 38/39 hp.
You hit the quokka.
You kill the quokka!
No target in view!
No target in view!
You see here a quokka corpse.
You butcher the quokka corpse.
z - 2 chunks of flesh {@w0} Eating one of 2 chunks of flesh {@w0}.
You continue eating. x2
k - 6 scrolls labeled VOYTUA JEUTIU (gained 1)
You now have 142 gold pieces (gained 5).
Found a stone staircase leading down.
Health restored: 39
There is a stone staircase leading down here.
There is a stone staircase leading up here.
A gnoll comes into view.
The gnoll shouts!
A gnoll is nearby!
A gnoll is nearby!
A gnoll comes into view.
The gnoll shouts!
Attack whom?
Aim: a gnoll You reach to attack!
You hit the gnoll.
Attack whom?
Aim: a gnoll (lightly wounded)
You reach to attack!
You closely miss the gnoll. You barely miss the gnoll.
A gnoll comes into view. It is wielding an enchanted spear.
The gnoll closely misses you.
There is a stone staircase leading up here.
The gnoll shouts!
The gnoll barely misses you.
You climb upwards.
There is a stone staircase leading down here.
Unknown command.
You hit the gnoll. The gnoll completely misses you.
You hit the gnoll. The gnoll closely misses you.
You barely miss the gnoll. The gnoll hits you.
You take 5 damage, and have 34/39 hp.
Your ring mail prevents you from hitting the gnoll.
The gnoll hits you.
You take 3 damage, and have 31/39 hp.
You hit the gnoll. The gnoll barely misses you.
You hit the gnoll. The gnoll misses you.
You hit the gnoll.
You kill the gnoll!
No target in view!
No target in view!
There is a stone staircase leading down here.
You regained 3 hp, and now have 34/39 hp.
You climb downwards.
There is a stone staircase leading up here.
Unknown command.
An ogre comes into view. It is wielding a giant club.
The ogre moves out of view.
The ogre is too close now for your liking.
An ogre is nearby!
Attack whom?
Aim: an ogre, wielding a giant club You reach to attack!
You hit the ogre. You hit the ogre. You hit the ogre but do no damage.
The ogre hits you with a giant club!
You take 13 damage, and have 22/39 hp.
MASSIVE DAMAGE!!
There is a stone staircase leading up here.
The ogre hits you with a giant club.
You climb upwards.
There is a stone staircase leading down here.
You take 2 damage, and have 21/39 hp.
Unknown command.
The ogre hits you with a giant club!!
* * * LOW HITPOINT WARNING * * *
You take 18 damage, and have 5/39 hp.
MASSIVE DAMAGE!!
There is a stone staircase leading up here.
The ogre hits you with a giant club!
You die...

..................# #.....#
##................# #.....#
##....#'##........# ####.....#
##....#.##........# ###........'
##....#.##.#.#+#.#####.#.#....).#
............(.((.................
#####.#.##.#.#.#(#####.#........#
#####.#.............(..#........#
................@O..............#
#####......#.#.#.....#.#........#
############.#.......#.#.#+###+##
.............#.........#.#.###..#
###########....#.##.####.#.......
..........'..............######.#
###########...................#.#
.....# #........##########.#.#
####.######........# #.#.#


You could see an ogre.

Vanquished Creatures
  A gnoll (D:3)
  2 adders (D:3)
  An ooze (D:3)
  2 worms (D:2)
  2 giant geckos (D:3)
  6 orcs
  5 giant cockroaches
  9 goblins
  8 hobgoblins
  5 quokkas
  A ball python (D:2)
  5 bats
  2 giant newts
  5 kobolds
  9 rats
63 creatures vanquished.

Notes
Turn   | Place    | Note
--------------------------------------------------------------
     0 | D:1      | CcS the Human Skald began the quest for the Orb.
     0 | D:1      | Reached XP level 1. HP: 16/16 MP: 3/3
   204 | D:1      | Reached XP level 2. HP: 9/23 MP: 5/5
  1036 | D:2      | Reached XP level 3. HP: 20/28 MP: 6/6
  1233 | D:2      | Reached skill level 3 in Polearms
  1292 | D:2      | Found a faded altar to an unknown god.
  1663 | D:2      | Found a glowing silver altar of Zin.
  1663 | D:2      | Found an opulent altar of Gozag.
  1805 | D:3      | Reached XP level 4. HP: 20/34 MP: 0/7
  2288 | D:3      | Found an iron altar of Okawaru.
  2291 | D:3      | Found a glowing golden altar of the Shining One.
  2526 | D:3      | HP: 12/51 [poisoned by an adder]
  2533 | D:3      | HP: 10/51 [poisoned by an adder]
  2540 | D:3      | HP: 9/51 [poisoned by an adder]
  2548 | D:3      | HP: 4/34 [poisoned by an adder]
  3096 | D:3      | Reached skill level 3 in Spellcasting
  3096 | D:3      | Reached XP level 5. HP: 29/39 MP: 9/9
  3101 | D:3      | Learned a level 3 spell: Spectral Weapon
  3104 | D:3      | Learned a level 2 spell: Shroud of Golubria
  3490 | D:4      | Noticed an ogre
  3515 | D:3      | HP: 5/39 [ogre/giant club (18)]
  3563 | D:3      | Slain by an ogre

Action                   |  1- 3 |  4- 6 || total
-------------------------+-------+-------++-------
Melee: Spear             |   154 |   115 ||   269
 Cast: Infusion          |     6 |     6 ||    12
  Use: Potion            |       |     1 ||     1
  Eat: Chunk             |     3 |     4 ||     7
       Beef jerky        |       |     1 ||     1

Vault maps used:
D:1:      mushboom_english_gardens, st_stairs_5
D:2:      grunt_temple_overflow_gold_and_silver, ecumenical_altar_2
D:3:      nicolae_overflow_hidden_temple, first_bread
D:4:      uniq_pikel, uniq_grinder

Table legend:
 A = Turns spent in this place as a percentage of turns spent in the entire game.
 B = Non-inter-level travel turns spent in this place as a percentage of non-inter-level travel turns spent in the entire game.
 C = Inter-level travel turns spent in this place as a percentage of turns spent in this place.
 D = Turns resting spent in this place as a percentage of non-inter-level travel turns spent in this place.
 E = Turns spent auto-exploring this place as a percentage of non-inter-level travel turns spent in this place.
 F = Non-inter-level travel turns spent in this place divided by the number of levels of this place that you've seen.
                   A       B       C       D       E      F
               +-------+-------+-------+-------+-------+----------------------
         Total | 100.0 | 100.0 |   0.8 |   3.3 |  10.6 | 234.5
       Dungeon | 100.0 | 100.0 |   0.8 |   3.3 |  10.6 | 234.5
               +-------+-------+-------+-------+-------+----------------------

Table legend:
 A = Kills in this place as a percentage of kills in entire the game.
 B = Kills by you in this place as a percentage of kills by you in the entire game.
 C = Kills by friends in this place as a percentage of kills by friends in the entire game.
 D = Other kills in this place as a percentage of other kills in the entire game.
 E = Experience gained in this place as a percentage of experience gained in the entire game.
 F = Experience gained in this place divided by the number of levels of this place that you have seen.
                   A       B       C       D       E      F
               +-------+-------+-------+-------+-------+----------------------
         Total | 100.0 | 100.0 |  -nan |  -nan | 100.0 |  40.0
       Dungeon | 100.0 | 100.0 |  -nan |  -nan | 100.0 |  40.0
               +-------+-------+-------+-------+-------+----------------------
